 Dungeon Crawl Stone Soup version 0.29.1-13-g9f3cf754e1 (webtiles) character file.

Game seed: 6470688016975061614

1987 4FPSwarrior the Trooper (level 9, -11/72 HPs)
             Began as a Demonspawn Gladiator on Feb 11, 2023.
             Was an Initiate of Qazlal.
             Mangled by Maggie
             ... wielding a +2 glaive of flaming
              (12 damage)
             ... on level 7 of the Dungeon.
             The game lasted 00:22:55 (8946 turns).

4FPSwarrior the Trooper (Demonspawn Gladiator)      Turns: 8946, Time: 00:22:56

Health: -11/72     AC:  6    Str: 15    XL:     9   Next: 1%
Magic:  5/12       EV: 12    Int: 13    God:    Qazlal [......]
Gold:   281        SH:  0    Dex: 17    Spells: 5/8 levels left

rFire   + . .      SeeInvis .   a - +0 long sword
rCold   . . .      Faith    .   (no shield)
rNeg    . . .      Spirit   .   b - +0 leather armour
rPois   .          Reflect  .   g - +0 helmet
rElec   .          Harm     .   C - +0 cloak
rCorr   .          Rampage  .   w - +0 pair of gloves
Will    +....                   (no boots)
Stlth   ++........              (no amulet)
HPRegen 0.22/turn               r - ring of willpower
MPRegen 0.13/turn               v - ring of protection from fire

@: very slightly contaminated
A: thin skeletal structure 1, spiny 1
a: Renounce Religion


You were on level 7 of the Dungeon.
You worshipped Qazlal.
Qazlal was noncommittal.
You visited 2 branches of the dungeon, and saw 8 of its levels.

You collected 402 gold pieces.
You spent 121 gold pieces at shops.

Inventory:

Hand Weapons
 a - a +0 long sword (weapon)
 j - a +0 short sword of holy wrath
 s - a +1 whip of venom
Missiles
 d - 2 throwing nets (quivered)
 e - a javelin
 t - 2 boomerangs
Armour
 b - a +0 leather armour (worn)
 c - a +0 helmet
 g - a +0 helmet (worn)
 w - a +0 pair of gloves (worn)
 C - a +0 cloak (worn)
Jewellery
 q - a +6 ring of strength
 r - a ring of willpower (left hand)
 v - a ring of protection from fire (right hand)
 A - a +6 ring of strength
Wands
 p - a wand of mindburst (53)
Scrolls
 f - 3 scrolls of vulnerability
 h - 4 scrolls of butterflies
 k - a scroll of poison
 l - 3 scrolls of teleportation
 m - 2 scrolls of identify
 u - a scroll of blinking {unknown}
 y - a scroll of noise {unknown}
 B - 2 scrolls of immolation
Potions
 i - a potion of heal wounds {unknown}
 n - a potion of invisibility {unknown}
 o - 3 potions of flight
 x - a potion of ambrosia {unknown}
 z - 4 potions of curing
 D - a potion of haste {unknown}
 E - a potion of attraction


   Skills:
 * Level 7.5 Fighting
 * Level 7.1 Long Blades
 - Level 1.7 Throwing
 - Level 2.6 Dodging
 + Level 3.9 Ice Magic
 + Level 4.4 Invocations


You had 5 spell levels left.
You knew the following spells:

 Your Spells              Type           Power      Damage    Failure   Level
a - Frozen Ramparts       Ice            20%        1d4       22%         3

Your spell library contained the following spells:

 Spells                   Type           Power      Damage    Failure   Level
 Freeze                   Ice            40%        1d6       8%          1
 Ensorcelled Hibernation  Hex/Ice        10%        N/A       26%         2
 Apportation              Tloc           0%         N/A       36%         1
 Foxfire                  Conj/Fire      0%         2x1d4     36%         1
 Sting                    Tmut/Pois      0%         1d3       36%         1
 Poisonous Vapours        Pois/Air       0%         N/A       50%         2
 Conjure Flame            Conj/Fire      0%         6-21      75%         3
 Inner Flame              Hex/Fire       0%         N/A       75%         3
 Spider Form              Tmut/Pois      0%         N/A       75%         3
 Hailstorm                Conj/Ice       5%         3d4       86%         4
 Anguish                  Hex/Necr       0%         N/A       98%         4
 Flame Wave               Conj/Fire      0%         2d4       98%         4
 Olgreb's Toxic Radiance  Pois           0%         N/A       98%         4
 Alistair's Intoxication  Tmut/Pois      0%         N/A       100%        5


Dungeon Overview and Level Annotations

Branches:
Dungeon (7/15)             Temple (1/1) D:5

Altars:
Ashenzari
Cheibriados
Fedhas
Gozag
Hepliaklqana
Kikubaaqudgha
Makhleb
Nemelex Xobeh
Okawaru
Qazlal
Ru
Sif Muna
Trog
Uskayaw
Vehumet
Wu Jian
Xom
Yredelemnul

Shops:
D:6 **

Annotations:
D:2 1 runed translucent door, Crazy Yiuf
D:4 Edmund, Sigmund
D:7 Maggie


Innate Abilities, Weirdness & Mutations

You have a somewhat thin skeletal structure. (Dex +2, Stealth+)
You are partially covered in sharp spines.


Message History

Confirm with . or Enter, or press ? or * to list all spells.
Casting: Frozen Ramparts (dangerous; 22% risk of failure)
Press: ? - help, Dir - look around, f - activate The walls around you are covered in ice.
The wall freezes Maggie but does no damage.
Maggie is struck by your spines.
Maggie hits you with a +2 glaive of flaming.
You barely miss Maggie.
Maggie is heavily wounded.
The wall freezes Maggie but does no damage.
Maggie casts a spell at you. The bolt of fire hits you! You resist.
* * * LOW HITPOINT WARNING * * *
You hit Maggie but do no damage.
Maggie is heavily wounded.
The wall freezes Maggie but does no damage.
Maggie hits you with a +2 glaive of flaming!
* * * LOW HITPOINT WARNING * * *
Maggie burns you.
* * * LOW HITPOINT WARNING * * *
You closely miss Maggie.
Maggie is heavily wounded.
The wall freezes Maggie.
Maggie gestures wildly while chanting.
Maggie attempts to bespell you! You resist with almost no effort.
You barely miss Maggie.
Maggie is heavily wounded.
The wall freezes Maggie but does no damage.
Maggie points at you and mumbles some strange words.
The bolt of fire hits you! You resist.
* * * LOW HITPOINT WARNING * * *
Unknown command.
You closely miss Maggie.
Maggie is heavily wounded.
The frozen ramparts melt away.
Maggie is struck by your spines. Maggie barely misses you.
The air fills with toxic fumes!
As you read the scroll of poison, it crumbles to dust.
Maggie hits you with a +2 glaive of flaming!
You die...

##..###
###.....#########
###.........@.....#
....#######.#####.#
######### #.#####.#
####### ...#....#
#...#§..# #...))#
.#.#.##.# ###.#○###
#.###)#
.#.#.##.#####.#@#####§#
#)#
.#.####.......#§@○§§§§#
#.##### .#.#
#################
#..)..## .#.#
.....#..... #.###..#
####.#.#### #... ##.# .
#.#.# #.#. #.## ..
...#... ..#.###..# .o.
#.######. ####.÷.##.#
.... #.#### ###.##.#
#... #########.##.#


You could see Maggie.

Vanquished Creatures
  A wyvern (D:7)
  A yak (D:6)
  A water moccasin (D:6)
  A sky beast (D:7)
  An ice beast (D:6)
  A black bear (D:6)
  2 ogres
  A centaur (D:6)
  9 scorpions
  2 orc priests (D:7)
  A gnoll bouda (D:7)
  2 iguanas
  2 orc wizards
  Natasha (thrice) (D:2)
  9 gnolls
  10 adders
  3 shadow imps
  2 worms (D:3)
  4 dart slugs
  8 orcs
  9 endoplasms
  3 giant cockroaches
  5 goblins
  5 hobgoblins
  2 jackals (D:5)
  3 quokkas
  8 ball pythons
  8 bats
  3 frilled lizards
  5 kobolds
  12 rats
127 creatures vanquished.

Vanquished Creatures (others)
  An orc wizard (D:7)
  8 fungi (D:5)
  A plant (D:4)
10 creatures vanquished.

Grand Total: 137 creatures vanquished

Notes
Turn   | Place    | Note
-------+----------+-------------------------------------------
     0 | D:1      | 4FPSwarrior the Demonspawn Gladiator began the quest for
                  | the Orb.
     0 | D:1      | Reached XP level 1. HP: 16/16 MP: 1/1
   366 | D:1      | Gained mutation: You are partially covered in sharp spines.
                  | [demonic ancestry]
   366 | D:1      | Reached XP level 2. HP: 23/23 MP: 2/2
   911 | D:2      | Noticed Natasha
   922 | D:2      | Killed Natasha
   923 | D:2      | Reached XP level 3. HP: 21/29 MP: 3/3
  1111 | D:2      | Noticed Natasha
  1118 | D:2      | Killed Natasha
  1119 | D:2      | Reached XP level 4. HP: 18/35 MP: 4/4
  1123 | D:2      | Learned a level 3 spell: Frozen Ramparts
  1291 | D:2      | Noticed Natasha
  1295 | D:2      | Killed Natasha
  1363 | D:2      | Found a runed translucent door.
  1364 | D:2      | Noticed Crazy Yiuf
  1566 | D:2      | Identified the +1 mace of Indignation {protect, Dex+4}
  1724 | D:2      | Noticed a necrophage
  2262 | D:3      | Reached XP level 5. HP: 35/42 MP: 5/5
  3509 | D:4      | Noticed an ogre
  3516 | D:4      | Killed an ogre
  3517 | D:4      | Reached skill level 1 in Ice Magic
  3638 | D:4      | Reached XP level 6. HP: 46/49 MP: 6/6
  4031 | D:4      | Noticed Edmund
  4105 | D:4      | Noticed Sigmund
  4141 | D:5      | Entered Level 5 of the Dungeon
  4263 | D:5      | Reached skill level 5 in Fighting
  4263 | D:5      | Reached skill level 5 in Long Blades
  4470 | D:5      | Reached XP level 7. HP: 34/56 MP: 7/7
  4952 | D:5      | Found an opulent altar of Gozag.
  5163 | D:5      | Found a staircase to the Ecumenical Temple.
  5172 | Temple   | Entered the Ecumenical Temple
  5225 | Temple   | Became a worshipper of Qazlal Stormbringer
  5432 | D:5      | Reached skill level 1 in Invocations
  5901 | D:5      | Found the +7 Singing Sword {vorpal, sonic wave}
  6378 | D:6      | Reached XP level 8. HP: 64/64 MP: 9/9
  6600 | D:6      | Found a basalt altar of Yredelemnul.
  7412 | D:6      | Found a shimmering altar of Xom.
  7689 | D:6      | Found Teisyr's Specific Store.
  7691 | D:6      | Found Aczy's General Store.
  7702 | D:6      | Bought a potion of attraction for 33 gold pieces
  7702 | D:6      | Bought a scroll of vulnerability for 44 gold pieces
  7702 | D:6      | Bought a scroll of immolation for 44 gold pieces
  7976 | D:7      | Noticed Maggie
  8278 | D:7      | HP: 5/100 [wyvern (9)]
  8649 | D:7      | Gained mutation: You have a somewhat thin skeletal
                  | structure. (Dex +2, Stealth+) [demonic ancestry]
  8649 | D:7      | Reached XP level 9. HP: 54/72 MP: 9/12
  8944 | D:7      | HP: 1/72 [Maggie/bolt of fire (8)]
  8946 | D:7      | Mangled by Maggie

Illustrated notes

Levels and vault maps discovered:
D:1:      onia_arrival_mini_spirals, layout_loops_ring, minmay_rat_gold_closets
D:2:      layout_loops_ring, uniq_natasha, uniq_crazy_yiuf_cottage
D:3:      layout_loops_cross, minmay_close_crescents
D:4:      layout_cave_pods, serial_rivers, chequers_serial_rivers_micro_c,
          chequers_serial_rivers_micro_a, chequers_serial_rivers_room_b,
          chequers_serial_rivers_micro_c, chequers_serial_rivers_marsh,
          sigmund_edmund_badplayer
D:5:      old_forge, layout_basic, nicolae_gozag_seed_capital,
          lemuel_temple_firewalk_b
D:6:      layout_basic, hangedman_feature_mirror, serial_park_tiny_1,
          nicolae_specific_store
D:7:      layout_cave_pools, ebering_ghost_disaster_area,
          serial_co_window_serial, co_window_paths_a,
          co_window_of_opportunity_a, co_window_paths_a, co_window_paths_a,
          co_window_of_opportunity_a, co_window_broadway_a,
          co_window_unsneaky_path_c, co_window_unsneaky_path_b,
          co_window_corner_b, co_window_broadway_a, co_window_of_opportunity_b,
          co_window_4corner_b, co_window_4corner_a, glass_columns_c,
          glass_columns_c, glass_columns_c, glass_columns_a, uniq_maggie
Temple:   hellmonk_temple_of_storms

Skill      XL: |  1  2  3  4  5  6  7  8 |
---------------+-------------------------+-----
Long Blades    | 3 4 5 6 7 |  7.1
Fighting       | 3 4 5 6 7 |  7.5
Ice Magic      | 1 2 3 |  3.9
Invocations    | 2 4 |  4.4
Throwing       | |  1.7
Dodging        | |  2.6

Action                   |  1- 3 |  4- 6 |  7- 9 || total
-------------------------+-------+-------+-------++-------
Melee: Long sword        |    58 |   112 |   143 ||   313
       Punch             |       |       |     1 ||     1
Throw: Throwing net      |     2 |     3 |       ||     5
 Cast: Frozen Ramparts   |       |     1 |    13 ||    14
Evoke: Wand              |       |       |     2 ||     2
  Use: Scroll            |       |     2 |     7 ||     9
       Potion            |       |       |     2 ||     2
 Stab: Sleeping          |     1 |     2 |       ||     3
       Held in net/web   |     1 |       |       ||     1
       Distracted        |     1 |       |       ||     1
Armor: Leather armour    |     9 |    21 |    46 ||    76
       Skin              |       |       |     8 ||     8
Dodge: Dodged            |    31 |    52 |    85 ||   168
